 Dungeon Crawl Stone Soup version 0.16.1-12-gf5c4a84 (webtiles) character file.

12914 Ladykiller69 the Cleaver (level 12, -4/92 HPs)
             Began as a Formicid Fighter on Apr 10, 2015.
             Was the Champion of Cheibriados.
             Slain by a 18-headed hydra (7 damage)
             ... on level 11 of the Dungeon.
             The game lasted 00:49:36 (10291 turns).

Ladykiller69 the Cleaver (Formicid Fighter)        Turns: 10291, Time: 00:49:37

Health: -4/92      AC: 17    Str: 42    XL:     12   Next: 26%
Magic:  31/31      EV: 14    Int: 24    God:    Cheibriados [******]
Gold:   554        SH: 15    Dex: 25    Spells: 0 memorised, 11 levels left

rFire  . . .     SeeInvis +     a - +1 war axe (elec)
rCold  . . .     Clarity  .     g - +1 plate armour
rNeg   . . .     SustAb   .     c - +0 shield
rPois  .         Gourm    +     (helmet unavailable)
rElec  .         Spirit   .     y - +0 cloak
rCorr  .         Warding  .     w - +0 pair of gloves
rMut   .         Stasis   +     (no boots)
MR     +....                    h - amulet of the gourmand
Stlth  ..........               k - +2 ring of strength
                                p - ring of magical power

@: very slow, somewhat resistant to hostile enchantments, extremely unstealthy
A: permanent stasis, dig shafts and tunnels, four strong arms, antennae 3
a: Dig, Shaft Self, Bend Time, Temporal Distortion, Slouch, Step From Time,
Renounce Religion


You were on level 11 of the Dungeon.
You worshipped Cheibriados.
Cheibriados was exalted by your worship.
You were not hungry.

You visited 4 branches of the dungeon, and saw 16 of its levels.
You also visited: Ossuary.

You collected 554 gold pieces.

Inventory:

Hand weapons
 a - a +1 war axe of electrocution (weapon)
 Y - a +1 flail of holy wrath
Missiles
 q - a tomahawk (quivered)
Armour
 b - a cursed +0 scale mail
 c - a +0 shield (worn)
 g - a +1 plate armour (worn)
 w - a +0 pair of gloves (worn)
 y - a +0 cloak (worn)
Jewellery
 h - an amulet of the gourmand (around neck)
 k - a +2 ring of strength (right hand)
 p - a ring of magical power (left hand)
Magical devices
 E - a wand of paralysis (8)
 H - a wand of flame (22)
 I - a wand of lightning (6)
 K - a wand of slowing (31)
 R - a wand of magic darts (23)
 X - a wand of slowing (0)
Scrolls
 j - a scroll of identify
 m - a scroll of fear
 n - a scroll of immolation
 o - 5 scrolls of magic mapping
 t - 5 scrolls of amnesia
 F - 2 scrolls of remove curse
 G - 4 scrolls of enchant weapon
 J - 2 scrolls of fog
Potions
 e - 2 potions of might
 i - 2 potions of heal wounds
 l - 2 potions of agility
 r - a potion of poison {unknown}
 v - 2 potions of brilliance
 z - 2 potions of flight
 A - 4 potions of curing
 B - a potion of ambrosia {unknown}
 L - 2 potions of restore abilities
 M - 2 potions of mutation
 P - a potion of invisibility {unknown}
 V - 2 potions of berserk rage
Books
 x - a book of Maledictions

   Spells                             Type                      Level
   a - Corona                         Hexes                        1
   b - Sure Blade                     Hexes/Charms                 2
   c - Ensorcelled Hibernation        Hexes/Ice                    2
   d - Confuse                        Hexes                        3
   e - Dazzling Spray                 Conjuration/Hexes            3
   f - Enslavement                    Hexes                        4
 N - a book of Hinderance

   Spells                             Type                      Level
   a - Confusing Touch                Hexes                        2
   b - Confuse                        Hexes                        3
   c - Petrify                        Transmutation/Earth          4
   d - Metabolic Englaciation         Hexes/Ice                    5
   e - Gell's Gravitas                Hexes/Translocation          5
   f - Summon Mana Viper              Hexes/Summoning              5
 S - a book of the Dragon

   Spells                             Type                      Level
   a - Flight                         Charms/Air                   3
   b - Cause Fear                     Hexes                        4
   c - Bolt of Fire                   Conjuration/Fire             6
   d - Dragon Form                    Transmutation                7
   e - Dragon's Call                  Summoning                    9
 T - a book of Alchemy

   Spells                             Type                      Level
   a - Sublimation of Blood           Necromancy                   2
   b - Alistair's Intoxication        Transmutation/Poison         4
   c - Condensation Shield            Ice                          4
   d - Petrify                        Transmutation/Earth          4
   e - Ignite Poison                  Fire/Transmutation           5
   f - Irradiate                      Conjuration/Transmutation    5
 U - a book of Unlife

   Spells                             Type                      Level
   a - Recall                         Summoning/Translocation      3
   b - Animate Dead                   Necromancy                   4
   c - Control Undead                 Necromancy                   4
   d - Cigotuvi's Embrace             Necromancy                   5
   e - Death Channel                  Necromancy                   6
   f - Simulacrum                     Ice/Necromancy               6
Comestibles
 d - 9 bread rations
 f - 5 chunks of flesh
 s - 5 meat rations
 u - 2 slices of pizza
 C - a beef jerky
 O - 4 fruits


   Skills:
 + Level 8.0 Fighting
 * Level 12.7 Axes
 + Level 7.9 Armour
 + Level 5.8 Dodging
 - Level 9.0 Shields
 + Level 4.7 Invocations


You had 11 spell levels left.
You didn't know any spells.

Dungeon Overview and Level Annotations

Branches:
Dungeon (13/15)            Temple (1/1) D:5            Lair (1/8) D:9
    Orc (1/4) D:9
 Vaults: D:13-14

Altars:
Cheibriados
Dithmenos
Fedhas
Kikubaaqudgha
Makhleb
Nemelex Xobeh
Qazlal
Ru
Trog
Yredelemnul
Zin

Shops:
D:6 (

Annotations:
D:10 Fannar
Orc:1 SNORG!, Snorg


Innate Abilities, Weirdness & Mutations

You are under a permanent stasis effect.
You can dig through walls and to a lower floor.
Your four strong arms can wield two-handed weapons with a shield.
You have a pair of large antennae on your head (SInv).


Message History

The 18-headed hydra bites you but does no damage.
The 18-headed hydra bites you!
* * * LOW HITPOINT WARNING * * *
You block the 18-headed hydra's attack. x2
The 18-headed hydra bites you!
* * * LOW HITPOINT WARNING * * *
You begin to dig a shaft.
You continue digging a shaft.
You block the 18-headed hydra's attack.
The 18-headed hydra bites you but does no damage. x2
The 18-headed hydra bites you.
* * * LOW HITPOINT WARNING * * *
The 18-headed hydra bites you but does no damage. x2
The 18-headed hydra bites you!
* * * LOW HITPOINT WARNING * * *
You block the 18-headed hydra's attack. x3
The 18-headed hydra bites you but does no damage.
The 18-headed hydra barely misses you.
The 18-headed hydra bites you but does no damage. x2
The 18-headed hydra bites you!
You die...

###'###......#
#....##......#
#....##......###
#..............#
#..............#
+............>.#
#..............#
###+###+###'####
........@....#
.......D†....#
............+
............#
............#
.........?.#
..........#
......... .##


You could see a 18-headed hydra.

Vanquished Creatures
  A hydra (Lair:1)
  A death yak (shapeshifter) (D:13)
  A hill giant (D:12)
  A cyclops (D:13)
  An ugly thing (D:13)
  A troll (D:13)
  A trapdoor spider zombie (D:9)
  A shadow (D:13)
  16 yaks
  2 hill giant zombies (D:9)
  4 hippogriffs
  A water moccasin (D:9)
  3 wargs (D:9)
  A hungry ghost (D:9)
  A black bear (D:8)
  5 ogres
  4 orc warriors
  2 ice beasts
  2 sky beasts
  A necrophage (D:8)
  3 phantoms
  8 centaurs
  An elf zombie (Ossuary)
  A big kobold (D:9)
  A crocodile (D:7)
  8 giant frogs
  4 scorpions
  2 troll zombies (D:9)
  11 killer bees
  8 wights (D:8)
  A quasit (D:7)
  3 hounds
  2 centaur zombies
  3 crimson imps (D:7)
  2 goliath beetles (D:8)
  11 orc priests
  A centaur skeleton (D:9)
  2 giant frog skeletons
  7 orc wizards
  2 gnoll shamans
  Natasha (twice) (D:4)
  4 iguanas
  11 worker ants
  A big kobold zombie (Ossuary)
  A hound zombie (D:7)
  4 ogre zombies (D:9)
  A hound skeleton (D:7)
  3 mummies
  Robin (D:2)
  15 adders
  8 gnolls
  2 shadow imps
  2 giant mites
  4 worms
  An adder zombie (Ossuary)
  6 giant geckos
  2 oozes
  45 orcs
  A ball python (D:4)
  A bat skeleton (D:8)
  5 giant cockroaches
  24 hobgoblins
  8 jackals
  5 quokkas
  15 bats
  10 giant newts
  23 goblins
  2 goblin zombies (D:9)
  A hobgoblin skeleton (D:9)
  14 hobgoblin zombies
  2 jackal zombies (Ossuary)
  17 kobolds
  10 kobold zombies (Ossuary)
  3 orc skeletons (D:9)
  21 orc zombies
  10 rats
  3 rat zombies (Ossuary)
  14 ballistomycetes (D:9)
433 creatures vanquished.

Vanquished Creatures (others)
  A bat (D:6)
  A giant cockroach (D:8)
  A giant spore (D:9)
3 creatures vanquished.

Grand Total: 436 creatures vanquished

Notes
Turn   | Place    | Note
--------------------------------------------------------------
     0 | D:1      | Ladykiller69, the Formicid Fighter, began the quest for the Orb.
     0 | D:1      | Reached XP level 1. HP: 18/18 MP: 1/1
   131 | D:1      | Reached XP level 2. HP: 22/24 MP: 3/3
   485 | D:1      | Reached XP level 3. HP: 28/30 MP: 4/4
  1119 | D:2      | Noticed Robin
  1141 | D:2      | Killed Robin
  1141 | D:2      | Reached skill level 4 in Fighting
  1141 | D:2      | Reached XP level 4. HP: 19/37 MP: 5/5
  1211 | D:2      | Found a glowing silver altar of Zin.
  1590 | D:3      | Reached XP level 5. HP: 37/42 MP: 7/7
  1826 | D:3      | Found a bloodstained altar of Trog.
  2302 | D:4      | Reached XP level 6. HP: 41/48 MP: 8/8
  2332 | D:3      | Reached skill level 5 in Shields
  2410 | D:4      | Reached skill level 5 in Axes
  2457 | D:4      | Noticed Natasha
  2468 | D:4      | Killed Natasha
  2468 | D:4      | Reached XP level 7. HP: 54/54 MP: 9/9
  2485 | D:4      | Noticed a phantom
  2509 | D:4      | Killed a phantom
  2577 | D:4      | Noticed a centaur
  2585 | D:4      | Killed a centaur
  2595 | D:4      | Reached skill level 6 in Shields
  2629 | D:4      | Noticed Natasha
  2644 | D:4      | Killed Natasha
  3057 | D:4      | Found a sacrificial altar of Ru.
  3127 | D:4      | Reached XP level 8. HP: 56/60 MP: 11/11
  3214 | D:5      | Entered Level 5 of the Dungeon
  3315 | D:5      | Reached skill level 7 in Axes
  3487 | D:5      | Found a staircase to the Ecumenical Temple.
  3535 | Temple   | Entered the Ecumenical Temple
  3539 | Temple   | Became a worshipper of Cheibriados the Contemplative
  3782 | D:5      | Reached skill level 8 in Axes
  3783 | D:5      | Acquired Cheibriados' first power
  3864 | D:6      | Found a basalt altar of Yredelemnul.
  4128 | D:6      | Reached XP level 9. HP: 55/65 MP: 12/12
  4748 | D:7      | Reached skill level 9 in Axes
  4754 | D:7      | Found a shadowy altar of Dithmenos.
  4980 | D:6      | Found Strunevodgh's Weapon Shop.
  4996 | D:6      | Found a bloodstained altar of Trog.
  5384 | D:7      | Found a blossoming altar of Fedhas.
  5728 | D:8      | Reached skill level 10 in Axes
  5754 | D:8      | Reached skill level 1 in Dodging
  5894 | D:8      | Reached XP level 10. HP: 25/73 MP: 13/13
  5921 | D:8      | Acquired Cheibriados' second power
  5984 | D:8      | Found a sand-covered staircase.
  5996 | Ossuary  | Entered an ossuary
  6338 | Ossuary  | Acquired Cheibriados' third power
  6430 | D:8      | Reached skill level 5 in Fighting
  6482 | D:8      | Reached skill level 5 in Armour
  6563 | D:8      | Found a burning altar of Makhleb.
  6832 | D:8      | Found a blossoming altar of Fedhas.
  7301 | D:9      | Acquired Cheibriados' fourth power
  7301 | D:9      | Reached skill level 11 in Axes
  7408 | D:9      | Reached XP level 11. HP: 70/83 MP: 15/15
  7412 | D:9      | Found a staircase to the Lair.
  7488 | D:10     | Entered Level 10 of the Dungeon
  7717 | D:10     | Reached skill level 1 in Invocations
  8290 | D:9      | Reached skill level 12 in Axes
  8597 | D:9      | Found a staircase to the Orcish Mines.
  8641 | Orc:1    | Entered Level 1 of the Orcish Mines
  8794 | Orc:1    | Noticed Snorg
  9007 | D:9      | Reached skill level 5 in Dodging
  9122 | Lair:1   | Entered Level 1 of the Lair of Beasts
  9142 | Lair:1   | Noticed an eight-headed hydra
  9150 | Lair:1   | Killed a 12-headed hydra
  9348 | D:10     | Noticed Fannar
  9352 | D:10     | Noticed a hill giant
  9361 | D:10     | You fall through a shaft for 3 floors!
  9621 | D:13     | Noticed a cyclops
  9635 | D:13     | Killed a cyclops
  9846 | D:13     | Reached XP level 12. HP: 91/91 MP: 21/21
  9955 | D:13     | Noticed an alligator
  9956 | D:13     | an alligator changed into a queen ant
  9968 | D:13     | Noticed a death yak
  9968 | D:13     | a queen ant changed into a death yak
  9969 | D:13     | Killed a death yak
 10097 | D:13     | Noticed a white ugly thing
 10108 | D:13     | Killed a white ugly thing
 10272 | D:11     | Noticed a five-headed hydra
 10291 | D:11     | HP: 3/92 [18-headed hydra (7)]
 10291 | D:11     | Slain by a 18-headed hydra

Action                   |  1- 3 |  4- 6 |  7- 9 | 10-12 || total
-------------------------+-------+-------+-------+-------++-------
Melee: War axe           |   141 |   195 |   417 |   766 ||  1519
Invok: Slouch            |       |       |       |     1 ||     1
 Abil: Dig               |     2 |     3 |    11 |    12 ||    28
       Shaft Self        |       |       |       |     2 ||     2
Evoke: Wand              |       |       |       |     2 ||     2
  Use: Scroll            |       |       |     6 |    16 ||    22
 Stab: Paralysed         |       |       |     1 |    18 ||    19
  Eat: Chunk             |     1 |     5 |     9 |    13 ||    28
       Fruit             |       |       |     1 |     2 ||     3
